 Dungeon Crawl Stone Soup version 0.30.1-11-g7821555f0a (webtiles) character file.

Game seed: 8248107263965327893

5239 Ijustatesigmund the Destroyer (level 10, -4/58 HPs)
             Began as a Gargoyle Earth Elementalist on Nov 28, 2023.
             Was a High Priest of Cheibriados.
             Slain by a yak (5 damage)
             ... on level 10 of the Dungeon.
             The game lasted 00:22:09 (10676 turns).

Ijustatesigmund the Destroyer (GrEE)               Turns: 10676, Time: 00:22:10

Health: -4/58      AC: 15    Str: 22    XL:     10   Next: 61%
Magic:  18/20      EV: 13    Int: 38    God:    Cheibriados [*****.]
Gold:   2409       SH:  0    Dex: 27    Spells: 18/22 levels left

rFire   . . .        f - +0 dire flail
rCold   . . .        (shield currently unavailable)
rNeg    + . .        a - +0 robe
rPois   ∞            s - +0 helmet
rElec   +            (no cloak)
rCorr   .            w - +1 pair of gloves
SInv    .            I - +2 pair of boots
Will    .....        (no amulet)
Stlth   +++          c - +6 ring of dexterity
HPRegen 0.29/turn    A - +6 ring of intelligence
MPRegen 0.17/turn

%: no passive effects
@: about to teleport, invisible, very slow
A: sickness immunity, AC +7, negative energy resistance 1, electricity
resistance, torment resistance 1, petrification resistance
a: Renounce Religion, Bend Time, Temporal Distortion, Slouch, Step From Time


You were on level 10 of the Dungeon.
You worshipped Cheibriados.
Cheibriados was extremely pleased with you.
You visited 1 branch of the dungeon, and saw 10 of its levels.

You collected 2409 gold pieces.

Inventory:

Hand Weapons
 e - a +0 morningstar
 f - a +0 dire flail (weapon)
Armour
 a - a +0 robe (worn)
 s - a +0 helmet (worn)
 w - a +1 pair of gloves (worn)
 I - a +2 pair of boots (worn)
Jewellery
 c - a +6 ring of dexterity (left hand)
 j - a ring of willpower
 p - a ring of see invisible
 y - a ring of protection from fire
 A - a +6 ring of intelligence (right hand)
 D - a ring of positive energy
Wands
 E - a wand of mindburst (17)
 H - a wand of polymorph (10)
Scrolls
 d - 3 scrolls of immolation
 g - 5 scrolls of teleportation
 m - 2 scrolls of enchant weapon
 n - 2 scrolls of vulnerability
 o - a scroll of fog
 q - 2 scrolls of amnesia
 r - 2 scrolls of blinking {unknown}
 x - 2 scrolls of fear {unknown}
 B - 2 scrolls of poison {unknown}
 G - 3 scrolls of identify
Potions
 b - 2 potions of magic
 h - a potion of might {unknown}
 k - 3 potions of lignification
 t - a potion of attraction
 u - a potion of brilliance
 v - a potion of cancellation
 z - a potion of invisibility
 F - 2 potions of resistance


   Skills:
 - Level 4.4 Fighting
 + Level 5.4 Maces & Flails
 - Level 1.5 Dodging
 - Level 2.1 Stealth
 - Level 6.7 Spellcasting
 - Level 9.3 Conjurations
 - Level 0.7 Transmutations
 - Level 9.1 Earth Magic
 + Level 3.0 Invocations
 + Level 2.4 Evocations


You had 18 spell levels left.
You knew the following spells:

 Your Spells              Type           Power      Damage    Failure   Level
a - Sandblast             Erth           100%       2d20      1%          1
b - Stone Arrow           Conj/Erth      100%       3d13      1%          3

Your spell library contained the following spells:

 Spells                   Type           Power      Damage    Failure   Level
 Passwall                 Tmut/Erth      41%        N/A       1%          2
 Apportation              Tloc           24%        N/A       2%          1
 Mephitic Cloud           Conj/Pois/Air  36%        N/A       2%          3
 Petrify                  Tmut/Erth      50%        N/A       3%          4
 Poisonous Vapours        Pois/Air       24%        N/A       4%          2
 Freezing Cloud           Conj/Ice/Air   18%        6-21      22%         5
 Alistair's Intoxication  Tmut/Pois      10%        N/A       56%         5


Dungeon Overview and Level Annotations

Branches:
Dungeon (10/15)            Temple (0/1) D:7             Orc (0/2) D:10
   Lair: D:8-11

Altars:
Cheibriados
Wu Jian
Zin


Innate Abilities, Weirdness & Mutations

You are immune to sickness and miasma.
Your stone body is resilient. (AC +7)
You are immune to poison.
You resist negative energy. (rN+)
You are resistant to electric shocks. (rElec)
You are resistant to unholy torment.
You are immune to petrification.


Message History

Cheibriados thoroughly appreciates the change of pace.
The bolt of light hits the yak!
The yak is lightly wounded.
The yak is blinded.
The bolt of light hits the yak!
The yak is moderately wounded.
The yak bellows!
The yak is blinded.
The now-empty wand crumbles to dust.
You thump the yak!
The yak is moderately wounded.
The yak gores you!
You are too injured to fight recklessly!
Unknown command.
Casting: Stone Arrow (safe; 1% risk of failure)
Confirm with . or Enter, or press ? or * to list all spells.
Aiming: Stone Arrow (safe; 1% risk of failure)
Press: ? - help, Shift-Dir - straight line, f/p - yak
Aim: a yak (moderately wounded, blind, 87% to hit)
The stone arrow hits the yak!
The yak is severely wounded.
The yak barely misses you.
Unknown command.
Okay, then.
You fade into invisibility!
The yak gores you.
You sock the yak!
You kill the yak!
Cheibriados appreciates the change of pace.
Your Invocations skill increases to level 3!
You catch the helpless yak completely off-guard!
You hit the yak.
The yak is moderately wounded.
The yak gores you!
* * * LOW HITPOINT WARNING * * *
You feel better. The yak gores you.
* * * LOW HITPOINT WARNING * * *
As you read the scroll of teleportation, it crumbles to dust.
You feel strangely unstable. The yak gores you!
* * * LOW HITPOINT WARNING * * *
The yak is no longer blind. x2; The yak gores you.
You die...

#..# #..#
###########.#
)...........#
.)..........#
#######.....###
####...Y####
##...#Y†Y.###
###..######@..#
##...## #####
#####...##
..##..###
.....## ###..#
####


You could see 3 yaks.

Vanquished Creatures
  A troll (D:9)
  2 yaks (D:10)
  A wyvern (D:8)
  A shadow (D:6)
  A vampire (D:9)
  A vampire mosquito (D:6)
  2 water moccasins
  A sky beast (D:8)
  5 orc warriors
  3 ice beasts (D:6)
  2 ogres
  A centaur (D:6)
  4 kobold brigands
  A phantom (D:6)
  3 gnoll sergeants
  3 bullfrogs
  5 scorpions
  3 wights (D:8)
  10 killer bees
  An electric eel (D:8)
  A howler monkey (D:6)
  4 hounds
  A jelly (D:6)
  3 sleepcaps
  A gnoll bouda (D:6)
  6 orc priests
  3 iguanas
  8 orc wizards
  17 gnolls
  10 adders
  3 shadow imps
  2 white imps
  2 ufetubi (D:5)
  3 worms
  A dart slug (D:2)
  29 orcs
  2 endoplasms
  A giant cockroach (D:2)
  4 goblins
  6 hobgoblins
  2 jackals (D:1)
  2 quokkas (D:1)
  5 ball pythons
  4 bats
  5 frilled lizards (D:2)
  21 kobolds
  4 rats
201 creatures vanquished.

Vanquished Creatures (others)
  An orc warrior (D:10)
1 creature vanquished.

Grand Total: 202 creatures vanquished

Notes
Turn   | Place    | Note
-------+----------+-------------------------------------------
     0 | D:1      | Ijustatesigmund the Gargoyle Earth Elementalist began the
                  | quest for the Orb.
     0 | D:1      | Reached XP level 1. HP: 10/10 MP: 3/3
   321 | D:1      | Reached XP level 2. HP: 16/16 MP: 3/5
   426 | D:1      | Found a faded altar of an unknown god.
   488 | D:1      | Reached skill level 1 in Fighting
  1141 | D:2      | Reached XP level 3. HP: 11/20 MP: 2/6
  1431 | D:2      | Reached XP level 4. HP: 26/26 MP: 4/8
  2491 | D:3      | Learned a level 3 spell: Stone Arrow
  2611 | D:3      | Reached skill level 1 in Conjurations
  2611 | D:3      | Reached XP level 5. HP: 5/31 MP: 5/9
  2834 | D:3      | Found a snail-covered altar of Cheibriados.
  2844 | D:3      | Became a worshipper of Cheibriados the Contemplative
  3198 | D:4      | Reached skill level 5 in Earth Magic
  3379 | D:4      | Reached XP level 6. HP: 18/36 MP: 8/11
  3781 | D:4      | Reached * piety under Cheibriados
  4016 | D:5      | Entered Level 5 of the Dungeon
  4345 | D:5      | Reached XP level 7. HP: 20/40 MP: 2/13
  4479 | D:5      | Reached skill level 5 in Conjurations
  4971 | D:6      | Reached XP level 8. HP: 45/45 MP: 5/14
  5137 | D:6      | Reached ** piety under Cheibriados
  5599 | D:6      | Reached skill level 5 in Spellcasting
  5956 | D:6      | Reached XP level 9. HP: 49/49 MP: 10/17
  7101 | D:7      | Reached *** piety under Cheibriados
  7757 | D:7      | Found a staircase to the Ecumenical Temple.
  8096 | D:7      | Found an ornate altar of the Wu Jian Council.
  8786 | D:8      | Identified 2 scrolls of acquirement
  8786 | D:8      | Acquired 682 gold pieces
  8809 | D:8      | Noticed a cyclops
  8809 | D:8      | Noticed a centaur warrior
  8810 | D:8      | Noticed a white ugly thing
  8811 | D:8      | Noticed a deep elf pyromancer
  8841 | D:8      | Reached XP level 10. HP: 57/58 MP: 10/20
  8908 | D:8      | Acquired 1259 gold pieces
  9081 | D:8      | You fall into a shaft and drop 1 floor!
  9108 | D:9      | Reached **** piety under Cheibriados
  9110 | D:9      | Reached skill level 1 in Maces & Flails
  9923 | D:9      | Reached skill level 1 in Invocations
  9933 | D:9      | Reached skill level 1 in Evocations
 10280 | D:9      | Found a glowing silver altar of Zin.
 10305 | D:10     | Entered Level 10 of the Dungeon
 10345 | D:10     | Found a staircase to the Orcish Mines.
 10349 | D:10     | Reached ***** piety under Cheibriados
 10357 | D:10     | Reached skill level 5 in Maces & Flails
 10675 | D:10     | HP: 1/58 [yak (12)]
 10676 | D:10     | Slain by a yak

Illustrated notes

Levels and vault maps discovered:
D:1:      ncdulo_watergridlock, layout_basic,
          shapermc_ecumenical_altar_acropolis
D:2:      layout_loops_ring, minmay_statues_item
D:3:      layout_basic, slow_altar_2
D:4:      layout_basic, dk_rats_in_the_wall
D:5:      layout_loops_ring
D:6:      hangedman_cross_stitches, layout_loops_cross, serial_rivers,
          chequers_serial_rivers_room_b, chequers_serial_rivers_micro_d,
          chequers_serial_rivers_marsh, chequers_serial_rivers_room_a
D:7:      layout_rooms, lemuel_crystal_altar, minmay_temple_entry_trees
D:8:      layout_loops_corners, kennysheep_cross_bottleneck,
          onia_ninara_dug_in_and_dangerous
D:9:      layout_rooms, zin_statuary
D:10:     layout_cave_pods, fiery_altar_vehumet, david_orc_5

Skill      XL: |  1  2  3  4  5  6  7  8  9 10 |
---------------+-------------------------------+-----
Fighting       | 1 2 4 |  4.4
Earth Magic    | 4 5 6 7 9 |  9.1
Spellcasting   | 3 4 5 6 |  6.7
Conjurations   | 1 2 4 5 7 9 |  9.3
Maces & Flails | 5 |  5.4
Invocations    | 3 |  3.0
Evocations     | 2 |  2.4
Dodging        | |  1.5
Stealth        | |  2.1
Transmutations | |  0.7

Action                     |  1- 3 |  4- 6 |  7- 9 | 10-12 || total
---------------------------+-------+-------+-------+-------++-------
  Melee: Unarmed           |    19 |       |       |       ||    19
         Trident           |       |   110 |    67 |       ||   177
         Long sword        |       |       |     6 |       ||     6
         Dire flail        |       |       |       |    88 ||    88
   Cast: Sandblast         |    43 |    43 |     5 |     2 ||    93
         Stone Arrow       |       |     2 |   102 |    35 ||   139
  Evoke: Wand              |       |       |     6 |    12 ||    18
    Use: Scroll            |       |     8 |    11 |     4 ||    23
         Potion            |       |     2 |     2 |     5 ||     9
   Stab: Sleeping          |       |    10 |     2 |       ||    12
         Invisible         |       |       |     1 |     7 ||     8
 Armour: Robe              |    11 |    49 |    57 |   101 ||   218
  Dodge: Dodged            |    22 |    89 |    93 |   152 ||   356
